 Dungeon Crawl Stone Soup version 0.30-a0-782-ge64f9170bb (webtiles) character file.

Game seed: 1765580222121366183

66257 112233 the Spry (level 14, -4/75 HPs)
             Began as a Spriggan Conjurer on Feb 26, 2023.
             Was a High Priest of Vehumet.
             Slain by an orc knight
             ... wielding a +0 great mace
              (14 damage)
             ... on level 1 of the Orcish Mines on Feb 27, 2023.
             The game lasted 00:58:29 (38269 turns).

112233 the Spry (Spriggan Conjurer)                Turns: 38269, Time: 00:58:29

Health: -4/75      AC:  4    Str:  3    XL:     14   Next: 78%
Magic:  36/44      EV: 34    Int: 24    God:    Vehumet [*****.]
Gold:   1602       SH:  0    Dex: 14    Spells: 6/45 levels left

rFire   + . .      SeeInvis +    e - staff of conjuration
rCold   . . .      Faith    +    (shield currently unavailable)
rNeg    . . .      Spirit   .    N - +2 robe {rF+}
rPois   .          Reflect  .    (helmet restricted)
rElec   .          Harm     .    (no cloak)
rCorr   .          Rampage  .    (gloves unavailable)
Will    ++...                    (boots unavailable)
Stlth   ++                       r - amulet of faith
HPRegen 0.32/turn                s - +5 ring of evasion
MPRegen 0.29/turn                K - ring of magical power

@: very quick
A: very small, no large weapons, unfitting armour, see invisible, speed 3
a: Renounce Religion


You were on level 1 of the Orcish Mines.
You worshipped Vehumet.
Vehumet was extremely pleased with you.
You visited 4 branches of the dungeon, and saw 23 of its levels.

You collected 1602 gold pieces.

Inventory:

Missiles
 c - 28 poisoned darts
Armour
 C - a +0 buckler
 N - a +2 robe of fire resistance (worn)
 X - an orb of light
Magical Staves
 e - a staff of conjuration (weapon)
Jewellery
 d - a ring of flight
 l - a ring of willpower
 p - an amulet of the acrobat
 r - an amulet of faith (around neck)
 s - a +5 ring of evasion (left hand)
 u - an amulet of regeneration
 K - a ring of magical power (right hand)
 W - an amulet of magic regeneration
 Z - a ring of protection from cold
Wands
 g - a wand of paralysis (2)
 n - a wand of digging (12)
 E - a wand of mindburst (13)
 J - a wand of iceblast (12)
 V - a wand of flame (20)
Scrolls
 a - 2 scrolls of teleportation
 f - 2 scrolls of brand weapon
 h - a scroll of butterflies
 i - 6 scrolls of enchant weapon
 m - a scroll of blinking
 o - 3 scrolls of poison
 v - a scroll of magic mapping {unknown}
 w - 2 scrolls of silence
 x - 4 scrolls of fog
 z - 5 scrolls of vulnerability
 F - a scroll of torment
 G - 3 scrolls of fear
 H - 8 scrolls of noise
 S - a scroll of amnesia
 T - a scroll of enchant armour {unknown}
 Y - 2 scrolls of immolation {unknown}
Potions
 b - 2 potions of magic
 j - 3 potions of attraction
 k - a potion of cancellation {unknown}
 t - 3 potions of berserk rage
 A - 2 potions of resistance
 B - 2 potions of degeneration
 D - a potion of mutation {unknown}
 I - a potion of might {unknown}
 M - a potion of invisibility {unknown}
 P - 3 potions of curing
 Q - a potion of brilliance {unknown}
 U - 2 potions of haste {unknown}
Miscellaneous
 L - a tin of tremorstones (2/2)


   Skills:
 - Level 9.4 Fighting
 - Level 19.4 Dodging
 - Level 3.0 Stealth
 + Level 16.3 Spellcasting
 * Level 10.1 Conjurations
 - Level 2.8 Translocations
 + Level 0.4 Fire Magic
 - Level 3.8 Earth Magic


You had 6 spell levels left.
You knew the following spells:

 Your Spells              Type           Power      Damage    Failure   Level
a - Magic Dart            Conj           100%       1d8       1%          1
b - Searing Ray           Conj           100%       2d8       1%          2
c - Iskenderun's Mystic   Conj/Tloc      66%        2d14      1%          4
d - Spellforged Servitor  Conj/Summ      30%        N/A       56%         7
e - Kindle Blastsparks    Fire/Tloc/Air  48%        2d14      1%          3
f - Sticky Flame          Conj/Fire      61%        2d8       1%          4
g - Starburst             Conj/Fire      30%        6d9       13%         6
h - Iron Shot             Conj/Erth      34%        9d7       7%          6
j - Apportation           Tloc           66%        N/A       1%          1
k - Arcjolt               Conj/Air       30%        1d40      2%          5

Your spell library contained the following spells:

 Spells                   Type           Power      Damage    Failure   Level
 Foxfire                  Conj/Fire      100%       2x1d9     1%          1
 Freeze                   Ice            76%        1d8       1%          1
 Poisonous Vapours        Pois/Air       38%        N/A       1%          2
 Dazzling Flash           Conj/Hex       100%       N/A       1%          3
 Hailstorm                Conj/Ice       60%        3d13      1%          3
 Fulminant Prism          Conj/Hex       30%        3d16      1%          4
 Beastly Appendage        Tmut           38%        N/A       2%          1
 Sting                    Tmut/Pois      76%        1d6       2%          1
 Frozen Ramparts          Ice            38%        1d6       2%          3
 Fireball                 Conj/Fire      30%        3d13      2%          5
 Lightning Bolt           Conj/Air       30%        1d47      2%          5
 Cigotuvi's Dreadful Rot  Necr/Pois/Air  38%        N/A       4%          2
 Olgreb's Toxic Radiance  Pois           19%        N/A       8%          4
 Ozocubu's Armour         Ice            19%        N/A       9%          3
 Manifold Assault         Tloc           33%        N/A       9%          4
 Cause Fear               Hex            9%         N/A       28%         4
 Dispel Undead            Necr           19%        3d11      28%         4
 Ice Form                 Ice/Tmut       19%        N/A       28%         4
 Summon Forest            Summ/Tloc      13%        N/A       41%         5
 Death Channel            Necr           9%         N/A       99%         6
 Simulacrum               Ice/Necr       9%         N/A       99%         6
 Ozocubu's Refrigeration  Ice            9%         4d9       99%         7
 Dragon Form              Tmut           9%         N/A       100%        7
 Dragon's Call            Summ           9%         N/A       100%        9


Dungeon Overview and Level Annotations

Branches:
Dungeon (15/15)            Temple (1/1) D:5            Lair (5/5) D:10
 Shoals (0/4) Lair:3        Snake (0/4) Lair:2        Slime (0/5) Lair:5
    Orc (2/2) D:12
    Elf: Orc:2       Vaults: D:13-14     Depths: D:15

Altars:
Ashenzari
Cheibriados
Dithmenos
Elyvilon
Fedhas
Gozag
Hepliaklqana
Kikubaaqudgha
Makhleb
Nemelex Xobeh
Okawaru
Qazlal
Ru
Sif Muna
Trog
Uskayaw
Vehumet
Wu Jian
Xom
Yredelemnul
Zin
The Shining One
Jiyva

Shops:
D:3 *   D:5 *   D:7 *

Annotations:
D:3 1 runed translucent door, wpisznazwe's ghost, amateur MfGl
D:5 exclusion: downstairs
D:7 exclusion: upstairs
D:8 exclusion: downstairs
D:9 exclusion: downstairs
D:11 1 runed translucent door, P0WERM0DE's ghost, journeyman OpCj
D:12 exclusion: downstairs
Orc:1 exclusion: downstairs


Innate Abilities, Weirdness & Mutations

You are very small and have problems with some larger weapons.
You are too small for most types of armour.
You have supernaturally acute eyesight. (SInv)
You cover ground extremely quickly. (Speed+++)


Message History

The mystic blast hits the orc knight!
The orc knight is lightly wounded.
The mystic blast hits the orc warrior!
The orc warrior is heavily wounded.
The orc warrior is knocked back by the mystic blast.
The mystic blast hits the orc!!
You kill the orc!
Vehumet accepts your kill.
You feel your power returning.
The mystic blast hits the orc warrior!
The orc warrior is heavily wounded.
The orc warrior is knocked back by the mystic blast.
The orc knight misses you. The orc knight completely misses you.
Unknown command.
Casting: Iskenderun's Mystic Blast (mildly dangerous; 1% risk of failure)
Confirm with . or Enter, or press ? or * to list all spells.
You feel a surge of power!
You erupt in a blast of force!
The mystic blast hits the orc warrior but does no damage.
The orc warrior is heavily wounded.
The mystic blast hits the orc knight!
The orc knight is moderately wounded.
The mystic blast hits the orc warrior!!
You kill the orc warrior!
Vehumet accepts your kill.
You feel your power returning.
The orc knight hits you with a +0 great mace!!
* * * LOW HITPOINT WARNING * * *
The orc warrior completely misses you. The orc knight completely misses you.
Unknown command.
Unknown command.
Casting: Iskenderun's Mystic Blast (mildly dangerous; 1% risk of failure)
Confirm with . or Enter, or press ? or * to list all spells.
You feel a surge of power!
You erupt in a blast of force!
The mystic blast hits the orc knight.
The orc knight is moderately wounded.
The mystic blast hits the orc warrior!
The orc warrior is almost dead.
The orc warrior is knocked back by the mystic blast.
The orc knight hits you with a +0 great mace!
You die...

#....# .....# .).###
###### .##.# ##.##.##
.#### ##.##...##
.#..###......[.###
.....##........#.##
......##.......[)[##
..........###.))@))##
#........## #..)[o..##
#.......### ##..o....#
#.........###)..)..)##
......[.[...)......##
...###.#..[.......##
....##.##........##
...#####........##
...# ###..#..##


You could see an orc knight and an orc warrior (strong).

Vanquished Creatures
  Snorg (Orc:1)
  Josephine (Lair:4)
  Fannar (D:12)
  A rakshasa (D:14)
  2 hydras (Lair:3)
  A catoblepas (D:10)
  An ogre mage (Orc:1)
  11 two-headed ogres
  2 centaur warriors
  2 boulder beetles
  2 tengu warriors (D:14)
  Sonja (Lair:4)
  Urug (D:11)
  2 skysharks (Lair:2)
  Pikel (D:6)
  An orc knight (Orc:1)
  An orc sorcerer (Orc:1)
  3 cyclopes
  4 ugly things
  4 manticores
  5 elephants (Lair:2)
  6 black mambas
  An unseen horror zombie (D:9)
  4 gargoyles
  3 unseen horrors
  A dire elephant skeleton (Lair:5)
  An efreet (D:13)
  6 komodo dragons
  9 cane toads
  A tengu conjurer (D:14)
  4 rime drakes
  2 polar bears (Lair:4)
  4 trolls
  Grinder (D:6)
  16 blink frogs
  9 slime creatures
  A spriggan (shapeshifter) (D:15)
  49 yaks
  7 wraiths
  2 vampires
  3 wyverns
  A ynoxinul (D:10)
  4 basilisks
  A chaos spawn (D:10)
  2 steam dragons (D:12)
  6 vampire mosquitoes
  Edmund (D:6)
  Menkaure (D:6)
  3 acid dragons
  4 nagas (Lair:2)
  A warg (Orc:1)
  17 water moccasins
  3 sky beasts (D:12)
  2 ice beasts
  17 orc warriors
  A black bear (D:6)
  14 ogres
  54 wolves
  3 centaurs
  A phantom (D:5)
  4 lemures
  10 bullfrogs
  A gnoll sergeant (D:8)
  4 scorpions
  21 wights
  10 killer bees
  2 electric eels (D:10)
  7 howler monkeys
  3 centaur zombies (D:9)
  4 jellies
  2 quasits (D:10)
  10 orc priests
  8 hounds
  2 gnoll boudas
  Natasha (thrice) (D:3)
  5 iguanas
  9 orc wizards
  Terence (D:3)
  A mummy (D:7)
  A howler monkey zombie (D:9)
  11 adders
  15 gnolls
  A white imp (D:8)
  An ufetubus (D:5)
  A worm (D:3)
  2 dart slugs
  68 orcs
  5 ball pythons
  3 bats
  8 endoplasms
  2 giant cockroaches
  8 goblins
  7 hobgoblins
  3 quokkas
  2 frilled lizards (D:1)
  5 kobolds
  3 kobold zombies (D:7)
  An orc zombie (D:7)
  10 rats
  A fulminant prism (D:10)
579 creatures vanquished.

Vanquished Creatures (others)
  3 orc warriors (D:9)
  A bullfrog (Lair:1)
  An electric eel (D:9)
  2 howler monkeys (D:9)
  An orc wizard (D:12)
  2 demonic plants (D:10)
  77 fulminant prisms
  51 fungi
  33 plants
  17 withered plants
188 creatures vanquished.

Grand Total: 767 creatures vanquished

Notes
Turn   | Place    | Note
-------+----------+-------------------------------------------
     0 | D:1      | 112233 the Spriggan Conjurer began the quest for the Orb.
     0 | D:1      | Reached XP level 1. HP: 9/9 MP: 5/5
   278 | D:2      | Reached XP level 2. HP: 13/13 MP: 5/7
   322 | D:3      | Found Lauvik's General Store.
   488 | D:3      | Learned a level 2 spell: Searing Ray
   760 | D:3      | Noticed Natasha
   765 | D:3      | Killed Natasha
   766 | D:3      | Reached XP level 3. HP: 16/16 MP: 3/10
   826 | D:3      | Noticed Natasha
   831 | D:3      | Killed Natasha
   832 | D:3      | Reached skill level 5 in Spellcasting
   891 | D:3      | Reached XP level 4. HP: 21/21 MP: 10/12
   937 | D:2      | Noticed Terence
   946 | D:3      | Killed Terence
  1139 | D:3      | Noticed Natasha
  1145 | D:3      | Killed Natasha
  1379 | D:3      | Found a runed translucent door.
  1494 | D:3      | Noticed wpisznazwe's ghost (amateur MfGl)
  1581 | D:2      | Reached XP level 5. HP: 24/24 MP: 11/14
  3196 | D:4      | Noticed an ogre
  3291 | D:4      | Killed an ogre
  3292 | D:4      | Reached XP level 6. HP: 28/28 MP: 6/17
  3465 | D:4      | Found a shadowy altar of Dithmenos.
  4241 | D:4      | Reached XP level 7. HP: 25/32 MP: 11/20
  4570 | D:5      | Entered Level 5 of the Dungeon
  4590 | D:5      | Found Eriycyakk's General Store.
  4628 | D:5      | Found a staircase to the Ecumenical Temple.
  4639 | Temple   | Entered the Ecumenical Temple
  4871 | Temple   | Became a worshipper of Vehumet
  5053 | D:5      | Reached skill level 3 in Dodging
  5338 | D:5      | Reached skill level 1 in Fighting
  5338 | D:5      | Reached skill level 4 in Dodging
  5580 | D:5      | Reached skill level 5 in Dodging
  5580 | D:5      | Reached skill level 10 in Spellcasting
  5580 | D:5      | Reached XP level 8. HP: 34/38 MP: 10/23
  5886 | D:5      | Learned a level 4 spell: Iskenderun's Mystic Blast
  5957 | D:6      | Noticed Pikel
  6336 | D:6      | Reached * piety under Vehumet
  6336 | D:6      | Offered knowledge of Kiss of Death by Vehumet.
  6858 | D:7      | Found Logrol's Fire Supplies.
  6931 | D:7      | Reached skill level 6 in Dodging
  7819 | D:8      | Reached skill level 7 in Dodging
  8232 | D:8      | Offered knowledge of Shock by Vehumet.
  8293 | D:8      | Reached ** piety under Vehumet
  8342 | D:8      | Reached XP level 9. HP: 29/44 MP: 10/24
  8505 | D:8      | Found an opulent altar of Gozag.
  8587 | D:8      | Reached skill level 8 in Dodging
  8872 | D:8      | Noticed a two-headed ogre
  9667 | D:8      | Killed a two-headed ogre
  9668 | D:8      | Reached skill level 9 in Dodging
 10143 | D:9      | Offered knowledge of Mephitic Cloud by Vehumet.
 10708 | D:9      | Reached skill level 10 in Dodging
 10786 | D:9      | Reached skill level 5 in Conjurations
 10834 | D:9      | Reached *** piety under Vehumet
 10840 | D:9      | Reached XP level 10. HP: 51/51 MP: 26/26
 10918 | D:9      | Reached skill level 11 in Dodging
 11106 | D:9      | Offered knowledge of Flame Wave by Vehumet.
 11140 | D:9      | Learned a level 4 spell: Fulminant Prism
 11505 | D:10     | Entered Level 10 of the Dungeon
 12085 | D:6      | Killed Pikel
 12086 | D:6      | Reached skill level 5 in Fighting
 12276 | D:6      | Noticed Menkaure
 12279 | D:6      | Killed Menkaure
 12280 | D:6      | Reached skill level 12 in Dodging
 12379 | D:6      | Noticed Edmund
 12391 | D:6      | Killed Edmund
 12666 | D:6      | Found a large runed translucent door.
 12666 | D:6      | Found a large runed translucent door.
 12667 | D:6      | Noticed Grinder
 12680 | D:6      | Killed Grinder
 13147 | D:9      | Reached **** piety under Vehumet
 13196 | D:9      | Noticed a purple ugly thing
 13365 | D:9      | Found a shimmering altar of Xom.
 13539 | D:10     | Offered knowledge of Kindle Blastsparks by Vehumet.
 13911 | D:10     | Reached XP level 11. HP: 55/56 MP: 28/28
 13962 | D:10     | Learned a level 3 spell: Kindle Blastsparks
 14055 | D:10     | Found an iron altar of Okawaru.
 14092 | D:10     | HP: 1/56 [acid dragon/splash of acid (26)]
 14499 | D:9      | Reached skill level 13 in Dodging
 14951 | D:10     | Found a staircase to the Lair.
 16096 | D:11     | Noticed a two-headed ogre
 16103 | D:11     | Killed a two-headed ogre
 16540 | D:11     | Noticed Urug
 16580 | D:11     | Killed Urug
 16581 | D:11     | Reached skill level 14 in Dodging
 16862 | D:11     | Found a runed translucent door.
 16883 | D:11     | Noticed P0WERM0DE's ghost (journeyman OpCj)
 16961 | D:11     | Noticed a purple ugly thing
 17002 | D:12     | Reached ***** piety under Vehumet
 17002 | D:12     | Offered knowledge of Sticky Flame by Vehumet.
 17884 | D:11     | Killed a purple ugly thing
 18070 | D:11     | Reached skill level 15 in Dodging
 18153 | D:12     | Noticed Fannar
 18184 | D:11     | Reached XP level 12. HP: 26/62 MP: 30/30
 18520 | D:11     | Learned a level 4 spell: Sticky Flame
 19198 | D:12     | Killed Fannar
 19597 | D:12     | You fall into a shaft and drop 2 floors!
 19616 | D:14     | Noticed a rakshasa
 19658 | D:14     | Noticed a four-headed hydra
 19730 | D:14     | Noticed a tengu warrior
 20249 | D:12     | Noticed a two-headed ogre
 20263 | D:12     | Killed a two-headed ogre
 20342 | D:12     | Noticed a boulder beetle
 20517 | Lair:1   | Entered Level 1 of the Lair of Beasts
 20518 | Lair:1   | Noticed a catoblepas
 21330 | D:9      | Reached skill level 1 in Translocations
 21535 | D:6      | Reached skill level 16 in Dodging
 21788 | D:6      | Found a bloodstained altar of Trog.
 21793 | D:6      | Found a glowing silver altar of Zin.
 22200 | D:10     | Learned a level 6 spell: Starburst
 22240 | D:10     | Killed a catoblepas
 23727 | Lair:2   | Reached skill level 17 in Dodging
 23739 | Lair:2   | Reached XP level 13. HP: 43/68 MP: 3/32
 24425 | Lair:2   | Found a staircase to the Snake Pit.
 25176 | Lair:3   | Offered knowledge of Iron Shot by Vehumet.
 25369 | Lair:3   | Found a staircase to the Shoals.
 25792 | Lair:3   | Learned a level 6 spell: Iron Shot
 26251 | Lair:4   | Noticed Josephine
 26348 | Lair:4   | Noticed Sonja
 26353 | Lair:4   | Reached skill level 18 in Dodging
 26357 | Lair:3   | Reached skill level 15 in Spellcasting
 27307 | D:12     | Found a staircase to the Orcish Mines.
 27312 | Orc:1    | Entered Level 1 of the Orcish Mines
 27336 | Orc:1    | Offered knowledge of Lightning Bolt by Vehumet.
 27521 | D:12     | You fall into a shaft and drop 3 floors!
 27521 | D:15     | Entered Level 15 of the Dungeon
 28411 | D:14     | Reached skill level 1 in Earth Magic
 28582 | D:13     | Identified a scroll of acquirement
 28582 | D:13     | Acquired Sif Muna's Excursus on Transformation and the
                  | Traveller
 31006 | Orc:2    | Entered Level 2 of the Orcish Mines
 31006 | Orc:2    | Noticed Snorg
 31334 | D:13     | Reached XP level 14. HP: 37/74 MP: 13/34
 31624 | D:13     | HP: 3/74 [boulder beetle (34)]
 32126 | D:13     | Learned a level 5 spell: Lightning Bolt
 32128 | D:13     | Learned a level 1 spell: Apportation
 32377 | D:13     | Reached skill level 19 in Dodging
 33560 | Lair:4   | Killed Sonja
 33877 | Lair:4   | Offered knowledge of Arcjolt by Vehumet.
 34092 | Lair:4   | Killed Josephine
 34700 | Lair:5   | Entered Level 5 of the Lair of Beasts
 35939 | Lair:5   | Found a viscous altar of Jiyva.
 36110 | Lair:5   | Found a staircase to the Slime Pits.
 36376 | Lair:5   | Found the +8 demon trident "Rift" {distort, reach+}
 36419 | Lair:5   | Found a broken altar of Ashenzari.
 36973 | Orc:1    | Learned a level 5 spell: Arcjolt
 36979 | Orc:1    | Offered knowledge of Spellforged Servitor by Vehumet.
 37039 | Orc:1    | Learned a level 7 spell: Spellforged Servitor
 37050 | Orc:1    | Killed Snorg
 38089 | Orc:1    | Reached skill level 10 in Conjurations
 38269 | Orc:1    | Slain by an orc knight

Illustrated notes

Levels and vault maps discovered:
D:1:      dpeg_arrival_round_b, layout_loops_ring,
          nicolae_kite_square_tiling_tiny
D:2:      layout_loops_ring, uniq_terence
D:3:      layout_rooms, ebering_ghost_sewer_d, serial_shops, shop,
          grunt_decor_arrowhead, uniq_natasha
D:4:      layout_basic, nicolae_dithmenos_shadow_blocks, hex_medium
D:5:      layout_rooms, temple_green, serial_shops, nicolae_shop_behind_doors
D:6:      hellmonk_destroyed_diamonds, layout_rooms, jmf_multi_god_temple2,
          minmay_misc_feat_chi, nicolae_half_adder, uniq_grinder, uniq_menkaure,
          uniq_pikel, uniq_edmund
D:7:      layout_basic, nicolae_shop_fire_sale [nicolae_sub_dead_trees],
          minmay_mini_ossuary
D:8:      layout_gridville, mainiacjoe_overflow_concentric_impassable,
          minmay_checkerbox
D:9:      layout_roguey [special_room_orc], xom_confusion_cloud, serial_undead,
          serial_undead_f, serial_undead_d, serial_undead_f, serial_undead_c,
          hex_large
D:10:     layout_layer_cave, okawaru_ov_weapons_minmay, erik_lair_island,
          serial_demonic, serial_demonic_a, serial_demonic_c, serial_demonic_g,
          serial_demonic_b
D:11:     layout_roguey, hellmonk_ghost_big_iron, serial_park_tiny_pond,
          hex_tiny, serial_park_tiny_2, uniq_urug
D:12:     layout_irregular_city, orc_0_dummy, serial_rivers,
          chequers_serial_rivers_micro_b, chequers_serial_rivers_small_b,
          chequers_serial_rivers_small_a, chequers_serial_rivers_marsh,
          chequers_serial_rivers_micro_c, chequers_serial_rivers_micro_a,
          minivault_16, hangedman_misty_isle, uniq_fannar
D:13:     layout_cave_pools, serial_column_ruins, column_ruins_hut_pillars,
          column_ruins_hut, column_ruins_open_tiny,
          column_ruins_columns_straight, column_ruins_open_small,
          column_ruins_open_small, column_ruins_columns_corner,
          column_ruins_columns_straight, column_ruins_columns_T,
          kennysheep_generic_room_14
D:14:     layout_loops_ring, grunt_vaults_entry_tiered
D:15:     gammafunk_depths_entry_grave, layout_long_grid, gammafunk_ghost_grave,
          minivault_25
Temple:   nicolae_temple_bog_church
Lair:1:   layout_misc_corridors
Lair:2:   layout_regular_city, minmay_snake_entry_guardpost_medium
Lair:3:   layout_roguey, shoals_dummy_entry, lemuel_fruit_tree
Lair:4:   layout_cellular_growth, grunt_forest_large_clearings,
          infiniplex_staircase_pool_2, lemuel_fruit_fields, uniq_josephine,
          uniq_sonja
Lair:5:   due_jungle_book, layout_regular_city, nicolae_slime_entry_field_trip,
          basic_altar, serial_bayou_shore_b, grunt_megastairs_2,
          serial_bayou_shore_b, lemuel_fruit_fields
Orc:1:    orc_temple, layout_diamond_mine
Orc:2:    st_orc_ogre_mass, layout_caves, uniq_snorg

Skill      XL: |  1  2  3  4  5  6  7  8  9 10 11 12 13 14 |
---------------+-------------------------------------------+-----
Spellcasting   | 3 4 5 6 7 9 10 11 12 13 14 15 16 | 16.3
Conjurations   | 3 4 5 6 7 8 10 | 10.1
Dodging        | 5 7 10 12 15 17 18 19 | 19.4
Fighting       | 1 3 4 5 6 7 8 9 |  9.4
Translocations | 1 2 |  2.8
Earth Magic    | 2 3 |  3.8
Stealth        | |  3.0
Fire Magic     | |  0.4

Action                     |  1- 3 |  4- 6 |  7- 9 | 10-12 | 13-15 || total
---------------------------+-------+-------+-------+-------+-------++-------
  Melee: Unarmed           |     3 |       |       |       |       ||     3
         Staff             |       |       |       |     1 |     5 ||     6
   Cast: Magic Dart        |    48 |   120 |   178 |   190 |    79 ||   615
         Searing Ray       |       |    15 |    82 |   130 |    82 ||   309
         Iskenderun's Myst |       |       |     7 |   146 |   270 ||   423
         Fulminant Prism   |       |       |       |    48 |    30 ||    78
         Kindle Blastspark |       |       |       |     7 |    24 ||    31
         Sticky Flame      |       |       |       |     2 |     1 ||     3
         Iron Shot         |       |       |       |       |     5 ||     5
         Starburst         |       |       |       |       |     9 ||     9
  Evoke: Wand              |       |       |     3 |     9 |     9 ||    21
         Tin of tremorston |       |       |       |     2 |     1 ||     3
    Use: Potion            |       |     1 |     5 |     8 |       ||    14
         Scroll            |       |       |     2 |    16 |     8 ||    26
 Armour: Robe              |    11 |     2 |     2 |    18 |    21 ||    54
  Dodge: Dodged            |    28 |    18 |   130 |   416 |   666 ||  1258

Table legend: (Time is in decaauts)
 A = Elapsed time spent in this place.
 B = Non-inter-level travel time spent in this place.
 C = Inter-level travel time spent in this place.
 D = Time resting spent in this place.
 E = Time spent auto-exploring this place.
 F = Levels seen in this place.
 G = Mean time per level.
                   A        B        C        D        E       F      G
               +--------+--------+--------+--------+--------+-----+--------+
         Total |  32806 |  30904 |   1902 |  14808 |  11923 |  23 | 1426.3 |
       Dungeon |  22522 |  21099 |   1423 |  10015 |   8235 |  15 | 1501.5 |
        Temple |    172 |    147 |     25 |      0 |    139 |   1 |  172.0 |
          Lair |   7814 |   7439 |    375 |   3150 |   3262 |   5 | 1562.8 |
  Orcish Mines |   2297 |   2219 |     78 |   1642 |    285 |   2 | 1148.5 |
               +--------+--------+--------+--------+--------+-----+--------+

Top non-repeatable levels by time:
     D:9: 3033 daAuts
  Lair:3: 2857 daAuts
    D:11: 2823 daAuts
    D:12: 2592 daAuts
   Orc:1: 2238 daAuts
     D:8: 2145 daAuts
    D:10: 1871 daAuts
    D:13: 1551 daAuts
     D:5: 1454 daAuts
  Lair:4: 1394 daAuts
  Lair:2: 1387 daAuts
     D:7: 1255 daAuts
     D:6: 1188 daAuts
     D:4: 1180 daAuts
  Lair:1: 1164 daAuts
